 Dungeon Crawl Stone Soup version 0.23.0 (webtiles) character file.

Game seed: 16273315251063337519

1341 tidbits the Charmwright (level 8, 50/64 HPs)
             Began as a Gnoll Skald on Feb 11, 2019.
             Quit the game on level 3 of the Dungeon.
             The game lasted 00:14:59 (1497 turns).

tidbits the Charmwright (Gnoll Skald)               Turns: 1497, Time: 00:15:00

Health: 50/64      AC:  4    Str: 14    XL:     8   Next: 62%
Magic:  17/17      EV: 15    Int: 17    God:
Gold:   142        SH:  0    Dex: 15    Spells: 8/19 levels left

rFire    + . .     SeeInvis .   a - +0 halberd
rCold    . . .     Gourm    .   (shield currently unavailable)
rNeg     . . .     Faith    .   b - +0 leather armour
rPois    .         Spirit   .   (no helmet)
rElec    .         Reflect  .   (no cloak)
rCorr    .         Harm     .   G - +0 pair of gloves
MR       .....                  (no boots)
Stlth    ++........             (no amulet)
HPRegen  0.20/turn              p - ring of protection from fire
MPRegen  0.15/turn              (no ring)

@: no status effects
A: distributed training, fangs 1, strong nose
a: no special abilities


You were on level 3 of the Dungeon.
You were not hungry.

You visited 2 branches of the dungeon, and saw 7 of its levels.

You collected 142 gold pieces.

Inventory:

Hand Weapons
 a - a +0 halberd (weapon)
 c - a +0 dagger
 f - a +1 flail of protection
   (You took it off Terence on level 3 of the Dungeon)
 g - a +0 hunting sling
 h - a +0 spear
 n - a +0 whip of electrocution
   (You took it off Pikel on level 5 of the Dungeon)
 o - a +1 hunting sling of flaming
   (You took it off an orc on level 5 of the Dungeon)
 B - a +0 trident
 C - a +3 dagger
Missiles
 e - 9 arrows
 j - 43 bolts
 m - 18 sling bullets
 w - 29 stones (quivered)
Armour
 b - a +0 leather armour (worn)
 s - a +2 robe of magic resistance
   (You took it off Jessica on level 2 of the Dungeon)
 u - a +0 ring mail
 G - a +0 pair of gloves (worn)
Jewellery
 p - a ring of protection from fire (left hand)
   (You found it on level 3 of the Dungeon)
Wands
 l - a wand of polymorph (8)
Scrolls
 i - 2 scrolls of enchant weapon
 k - a scroll of enchant armour {unknown}
 r - a scroll of remove curse
 t - 3 scrolls of teleportation
 y - a scroll of fog {unknown}
 A - a scroll of magic mapping {unknown}
Potions
 q - a potion of heal wounds
 v - 2 potions of flight
 x - a potion of lignification {unknown}
 z - a potion of mutation {unknown}
Comestibles
 d - 5 rations


   Skills:
 + Level 5.7 Fighting
 + Level 3.3 Short Blades
 + Level 3.3 Long Blades
 + Level 3.3 Axes
 + Level 3.3 Maces & Flails
 + Level 5.7 Polearms
 + Level 3.3 Staves
 + Level 3.3 Slings
 + Level 3.3 Bows
 + Level 3.3 Crossbows
 + Level 3.3 Throwing
 + Level 4.3 Armour
 + Level 5.7 Dodging
 + Level 3.3 Stealth
 + Level 3.3 Shields
 + Level 3.3 Unarmed Combat
 + Level 6.1 Spellcasting
 + Level 2.7 Conjurations
 + Level 2.7 Hexes
 + Level 6.1 Charms
 + Level 2.7 Summonings
 + Level 2.7 Necromancy
 + Level 2.7 Translocations
 + Level 2.7 Transmutations
 + Level 2.7 Fire Magic
 + Level 2.7 Ice Magic
 + Level 2.7 Air Magic
 + Level 2.7 Earth Magic
 + Level 2.7 Poison Magic
 + Level 3.7 Invocations
 + Level 3.3 Evocations


You had 8 spell levels left.
You knew the following spells:

 Your Spells              Type           Power        Failure   Level  Hunger
g - Shroud of Golubria    Chrm/Tloc      ###.......   3%          2    None
i - Infusion              Chrm           ####         1%          1    None
r - Regeneration          Chrm/Necr      ###.......   8%          3    ##.....
w - Spectral Weapon       Hex/Chrm       ###.....     8%          3    ##.....
y - Song of Slaying       Chrm           ####....     1%          2    None

Your spell library contained the following spells:

 Spells                   Type           Power        Failure   Level  Hunger


Dungeon Overview and Level Annotations

Branches:
Dungeon (6/15)             Temple (1/1) D:5

Altars:
Ashenzari
Dithmenos
Fedhas
Gozag
Hepliaklqana
Kikubaaqudgha
Makhleb
Nemelex Xobeh
Okawaru
Ru
Sif Muna
Trog
Uskayaw
Wu Jian
Xom
Zin
The Shining One


Innate Abilities, Weirdness & Mutations

Your experience applies equally to all skills.
You have very sharp teeth.
Your uncanny sense of smell can sniff out nearby items.


Message History

Wield which item (- for none, * to show all)? (? for menu, Esc to quit)
Your +0 whip of electrocution stops crackling.
a - a +0 halberd (weapon)
Cast which spell? (? or * to list)
You draw out your weapon's spirit!
The leopard gecko completely misses you.
Unknown command.
You barely miss the leopard gecko. Your bite misses the leopard gecko.
Your spectral weapon hits the leopard gecko from afar!
You kill the leopard gecko!
Blork the orc shouts!
You swap places.
Casting: Spectral Weapon (safe; 8% risk of failure)
Confirm with . or Enter, or press ? or * to list all spells.
Your skin crawls.
Unknown command.
Casting: Regeneration (safe; 8% risk of failure)
Confirm with . or Enter, or press ? or * to list all spells.
Space distorts slightly along a thin shroud covering your body.
Unknown command.
You swap places.
Unknown command.
You hit the hound. You bite the hound.
The hound is moderately wounded.
Your spectral weapon misses the hound.
The hound bites you but does no damage.
You hit the hound but do no damage.
The hound is moderately wounded.
Your spectral weapon barely misses the hound.
Your shroud bends the hound's attack away.
Blork the orc closely misses you. The hound closely misses you.
You miss the hound. Your bite misses the hound.
The hound is moderately wounded.
Your skin is crawling a little less now.
Your spectral weapon hits the hound from afar!
The hound completely misses you.
Blork the orc hits you from afar with a +0 trident!
Your shroud falls apart!
The hound bites you but does no damage.
Blork the orc hits you but does no damage.
You hit the hound.
You kill the hound!
Blork the orc hits you from afar with a +0 trident.
Blork the orc hits you with a +0 trident!
You see here a hound corpse.
Unknown command.
You closely miss Blork the orc.
Your spectral weapon barely misses Blork the orc.
Blork the orc screams, "I don't like you!"
Blork the orc looks satisfied for a moment.
You hit Blork the orc.
You bite Blork the orc, but do no damage.
Blork the orc is lightly wounded.
Your skin stops crawling.
Your spectral weapon closely misses Blork the orc.
Blork the orc barely misses you.
You closely miss Blork the orc.
Blork the orc is lightly wounded.
Your spectral weapon hits Blork the orc from afar!!
Blork the orc gestures wildly while chanting.
Blork the orc flickers and vanishes!
You miss something. You bite something. Something hits you.
Unknown command.
Unknown command.
Evoke which item? (* to show all) (? for menu, Esc to quit)
Okay, then.
Unknown command.
You barely miss something. Something hits you.
You puncture something!
You feel a bit more experienced.
Things that are here:
a +0 trident; a +2 robe of magic resistance
Okay, then.
B - a +0 trident Unknown command.
Your spectral weapon fades away.
Found a leather armour.
Unknown command.
You see here a scroll of remove curse.
C - a scroll of remove curse Adjust (i)tems, (s)pells, or (a)bilities?
Adjust which item? (? for menu, Esc to quit)
C - a scroll of remove curse Adjust to which letter? (? for menu, Esc to quit)
r - a scroll of remove curse;
C - a +3 dagger You see here a ration.
Unknown command.
d - 5 rations (gained 1)
You see here a leather armour.
Found 20 bolts.
Found a stone staircase leading up.
You see here 20 bolts.
j - 43 bolts (gained 20)
There is a stone staircase leading up here.
You climb upwards.
A rat and a hobgoblin come into view.
The rat closely misses you.
Found 12 gold pieces.
There is a stone staircase leading down here.
Are you sure you want to abandon this character and quit the game? (Confirm with "yes".)

... ∆ #
∆#.#
#.# #$#
..# #
#.# ###
#.###.#
g...#
#r.#
#.@#
#..#
#..#
#$.#
#..#
####
...#
....
##.#
####
#.# #


You could see a hobgoblin (sleeping) and a rat.

Vanquished Creatures
  Pikel (D:5)
  2 hornet zombies
  An ogre (D:4)
  Blork the orc (D:4)
  A bullfrog (D:6)
  A scorpion (D:6)
  A crimson imp (D:6)
  A centaur zombie (D:5)
  2 hounds (D:4)
  2 orc wizards
  Jessica (D:2)
  Terence (D:3)
  3 worker ants
  A hound zombie (D:3)
  4 gnolls (D:5)
  An adder (D:3)
  2 oozes
  A worm (D:2)
  3 dart slugs
  4 leopard geckos
  6 orcs
  2 ball pythons
  3 giant cockroaches
  3 goblins
  5 hobgoblins
  10 jackals
  2 quokkas
  3 bats (D:1)
  3 frilled lizards
  A jackal skeleton (D:4)
  2 kobolds (D:1)
  A quokka skeleton (D:4)
  3 rats
78 creatures vanquished.

Vanquished Creatures (others)
  A slave (D:5)
  A scorpion (D:5)
  A leopard gecko (D:5)
  2 orcs (D:5)
5 creatures vanquished.

Grand Total: 83 creatures vanquished

Notes
Turn   | Place    | Note
-------+----------+-------------------------------------------
     0 | D:1      | tidbits the Gnoll Skald began the quest for the Orb.
     0 | D:1      | Reached XP level 1. HP: 20/20 MP: 6/6
    34 | D:1      | Reached XP level 2. HP: 14/26 MP: 0/7
    38 | D:1      | Learned a level 2 spell: Song of Slaying
    41 | D:1      | Learned a level 2 spell: Shroud of Golubria
   224 | D:1      | Reached XP level 3. HP: 31/31 MP: 7/9
   229 | D:1      | Learned a level 3 spell: Regeneration
   233 | D:1      | Learned a level 3 spell: Spectral Weapon
   245 | D:1      | You fall through a shaft!
   253 | D:2      | Reached skill level 5 in Spellcasting
   356 | D:3      | Reached skill level 1 in Invocations
   475 | D:3      | Reached skill level 1 in Short Blades
   475 | D:3      | Reached skill level 1 in Long Blades
   475 | D:3      | Reached skill level 1 in Axes
   475 | D:3      | Reached skill level 1 in Maces & Flails
   475 | D:3      | Reached skill level 1 in Staves
   475 | D:3      | Reached skill level 1 in Slings
   475 | D:3      | Reached skill level 1 in Bows
   475 | D:3      | Reached skill level 1 in Crossbows
   475 | D:3      | Reached skill level 1 in Throwing
   475 | D:3      | Reached skill level 1 in Stealth
   475 | D:3      | Reached skill level 1 in Shields
   475 | D:3      | Reached skill level 1 in Unarmed Combat
   475 | D:3      | Reached skill level 1 in Evocations
   476 | D:3      | Reached XP level 4. HP: 38/38 MP: 3/11
   489 | D:3      | Reached skill level 1 in Conjurations
   489 | D:3      | Reached skill level 1 in Hexes
   489 | D:3      | Reached skill level 1 in Summonings
   489 | D:3      | Reached skill level 1 in Necromancy
   489 | D:3      | Reached skill level 1 in Translocations
   489 | D:3      | Reached skill level 1 in Transmutations
   489 | D:3      | Reached skill level 1 in Fire Magic
   489 | D:3      | Reached skill level 1 in Ice Magic
   489 | D:3      | Reached skill level 1 in Air Magic
   489 | D:3      | Reached skill level 1 in Earth Magic
   489 | D:3      | Reached skill level 1 in Poison Magic
   523 | D:2      | Found a shattered altar of Ashenzari.
   560 | D:2      | Noticed Jessica
   566 | D:2      | Killed Jessica
   566 | D:2      | Reached XP level 5. HP: 30/43 MP: 4/12
   575 | D:3      | Noticed Terence
   588 | D:3      | Killed Terence
   588 | D:3      | Reached skill level 3 in Armour
   857 | D:4      | Noticed an ogre
   861 | D:4      | Killed an ogre
   861 | D:4      | Reached skill level 2 in Invocations
   861 | D:4      | Reached XP level 6. HP: 46/50 MP: 4/14
   901 | D:4      | Reached skill level 5 in Fighting
   901 | D:4      | Reached skill level 5 in Polearms
   901 | D:4      | Reached skill level 5 in Dodging
   933 | D:5      | Entered Level 5 of the Dungeon
   998 | D:6      | Reached skill level 2 in Short Blades
   998 | D:6      | Reached skill level 2 in Long Blades
   998 | D:6      | Reached skill level 2 in Axes
   998 | D:6      | Reached skill level 2 in Maces & Flails
   998 | D:6      | Reached skill level 2 in Staves
   998 | D:6      | Reached skill level 2 in Slings
   998 | D:6      | Reached skill level 2 in Bows
   998 | D:6      | Reached skill level 2 in Crossbows
   998 | D:6      | Reached skill level 2 in Throwing
   998 | D:6      | Reached skill level 2 in Stealth
   998 | D:6      | Reached skill level 2 in Shields
   998 | D:6      | Reached skill level 2 in Unarmed Combat
   998 | D:6      | Reached skill level 2 in Evocations
  1058 | D:6      | Reached XP level 7. HP: 44/56 MP: 5/15
  1077 | D:6      | HP: 10/56 [scorpion (5)]
  1186 | D:5      | Noticed Pikel
  1188 | D:5      | Reached skill level 2 in Conjurations
  1188 | D:5      | Reached skill level 2 in Hexes
  1188 | D:5      | Reached skill level 2 in Summonings
  1188 | D:5      | Reached skill level 2 in Necromancy
  1188 | D:5      | Reached skill level 2 in Translocations
  1188 | D:5      | Reached skill level 2 in Transmutations
  1188 | D:5      | Reached skill level 2 in Fire Magic
  1188 | D:5      | Reached skill level 2 in Ice Magic
  1188 | D:5      | Reached skill level 2 in Air Magic
  1188 | D:5      | Reached skill level 2 in Earth Magic
  1188 | D:5      | Reached skill level 2 in Poison Magic
  1215 | D:5      | Killed Pikel
  1215 | D:5      | Reached skill level 3 in Short Blades
  1215 | D:5      | Reached skill level 3 in Long Blades
  1215 | D:5      | Reached skill level 3 in Axes
  1215 | D:5      | Reached skill level 3 in Maces & Flails
  1215 | D:5      | Reached skill level 3 in Staves
  1215 | D:5      | Reached skill level 3 in Slings
  1215 | D:5      | Reached skill level 3 in Bows
  1215 | D:5      | Reached skill level 3 in Crossbows
  1215 | D:5      | Reached skill level 3 in Throwing
  1215 | D:5      | Reached skill level 4 in Armour
  1215 | D:5      | Reached skill level 3 in Stealth
  1215 | D:5      | Reached skill level 3 in Shields
  1215 | D:5      | Reached skill level 3 in Unarmed Combat
  1215 | D:5      | Reached skill level 6 in Charms
  1215 | D:5      | Reached skill level 3 in Invocations
  1215 | D:5      | Reached skill level 3 in Evocations
  1215 | D:5      | Reached XP level 8. HP: 27/63 MP: 4/16
  1224 | D:5      | Reached skill level 6 in Spellcasting
  1254 | D:5      | Found a staircase to the Ecumenical Temple.
  1274 | Temple   | Entered the Ecumenical Temple
  1443 | D:4      | Noticed Blork the orc
  1465 | D:4      | Killed Blork the orc
  1497 | D:3      | Quit the game

Skill      XL: |  1  2  3  4  5  6  7  8 |
---------------+-------------------------+-----
Spellcasting   | 5 6 |  6.1
Invocations    | 1 2 3 |  3.7
Short Blades   | 1 2 3 |  3.3
Long Blades    | 1 2 3 |  3.3
Axes           | 1 2 3 |  3.3
Maces & Flails | 1 2 3 |  3.3
Staves         | 1 2 3 |  3.3
Slings         | 1 2 3 |  3.3
Bows           | 1 2 3 |  3.3
Crossbows      | 1 2 3 |  3.3
Throwing       | 1 2 3 |  3.3
Stealth        | 1 2 3 |  3.3
Shields        | 1 2 3 |  3.3
Unarmed Combat | 1 2 3 |  3.3
Evocations     | 1 2 3 |  3.3
Conjurations   | 1 2 |  2.7
Hexes          | 1 2 |  2.7
Summonings     | 1 2 |  2.7
Necromancy     | 1 2 |  2.7
Translocations | 1 2 |  2.7
Transmutations | 1 2 |  2.7
Fire Magic     | 1 2 |  2.7
Ice Magic      | 1 2 |  2.7
Air Magic      | 1 2 |  2.7
Earth Magic    | 1 2 |  2.7
Poison Magic   | 1 2 |  2.7
Armour         | 3 4 |  4.3
Fighting       | 5 |  5.7
Polearms       | 5 |  5.7
Dodging        | 5 |  5.7
Charms         | 6 |  6.1

Action                   |  1- 3 |  4- 6 |  7- 9 || total
-------------------------+-------+-------+-------++-------
Melee: Spear             |    75 |    95 |    59 ||   229
       Bite              |     6 |    16 |    11 ||    33
       Punch             |       |       |     1 ||     1
       Whip              |       |       |    26 ||    26
       Halberd           |       |       |    14 ||    14
Throw: Stone             |       |       |     1 ||     1
 Cast: Infusion          |     4 |       |       ||     4
       Spectral Weapon   |     6 |    10 |     4 ||    20
       Shroud of Golubri |     1 |     3 |     5 ||     9
       Song of Slaying   |     1 |     1 |     1 ||     3
       Regeneration      |       |     1 |     4 ||     5
  Use: Scroll            |       |     6 |       ||     6
       Potion            |       |     1 |     1 ||     2
 Stab: Sleeping          |     1 |       |       ||     1
  Eat: Chunk             |       |     2 |     1 ||     3
       Ration            |       |       |     1 ||     1
Armor: Leather armour    |    11 |    15 |    11 ||    37
Dodge: Dodged            |    25 |    44 |    56 ||   125

Table legend:
 A = Turns spent in this place as a percentage of turns spent in the entire game.
 B = Non-inter-level travel turns spent in this place as a percentage of non-inter-level travel turns spent in the entire game.
 C = Inter-level travel turns spent in this place as a percentage of turns spent in this place.
 D = Turns resting spent in this place as a percentage of non-inter-level travel turns spent in this place.
 E = Turns spent auto-exploring this place as a percentage of non-inter-level travel turns spent in this place.
 F = Non-inter-level travel turns spent in this place divided by the number of levels of this place that you've seen.
                   A       B       C       D       E      F
               +-------+-------+-------+-------+-------+----------------------
         Total | 100.0 | 100.0 |   3.1 |   0.0 |   0.0 | 207.3
       Dungeon |  93.5 |  94.8 |   1.7 |   0.0 |   0.0 | 229.3
        Temple |   6.5 |   5.2 |  22.7 |   0.0 |   0.0 |  75.0
               +-------+-------+-------+-------+-------+----------------------

Table legend:
 A = Kills in this place as a percentage of kills in entire the game.
 B = Kills by you in this place as a percentage of kills by you in the entire game.
 C = Kills by friends in this place as a percentage of kills by friends in the entire game.
 D = Other kills in this place as a percentage of other kills in the entire game.
 E = Experience gained in this place as a percentage of experience gained in the entire game.
 F = Experience gained in this place divided by the number of levels of this place that you have seen.
                   A       B       C       D       E      F
               +-------+-------+-------+-------+-------+----------------------
         Total | 100.0 | 100.0 |   N/A | 100.0 | 100.0 | 273.9
       Dungeon | 100.0 | 100.0 |   N/A | 100.0 | 100.0 | 319.5
               +-------+-------+-------+-------+-------+----------------------

Levels and vault maps discovered:
D:1:      dpeg_arrival_tiny_k, layout_rooms, dk_noncrumbling_2
D:2:      layout_basic, ashenzari_conservatory_becter, first_ration,
          uniq_jessica
D:3:      layout_loops_ring, uniq_terence
D:4:      layout_basic, uniq_blork_the_orc, uniq_sigmund
D:5:      layout_loops_ring, grunt_qazlal_sundering, minmay_temple_entry_tees,
          uniq_prince_ribbit1, uniq_grinder, uniq_pikel, uniq_crazy_yiuf_cottage
D:6:      lemuel_slime, layout_basic, kennysheep_ying_yang,
          cheibrodos_worm_habitat, lemuel_crystal_altar, grunt_ministairs_9,
          kennysheep_generic_room_11, uniq_edmund
Temple:   regret_index_temple_sphere_string
